 Dungeon Crawl Stone Soup version 0.21.1-1-g345015f (console) character file.

8918 fly the Covert (level 11, -3/71 HPs)
             Began as a Vampire Enchanter on Apr 30, 2018.
             Was a Believer of Dithmenos.
             Slain by Snorg (10 damage)
             ... on level 9 of the Dungeon.
             The game lasted 00:29:32 (9165 turns).

fly the Covert (Vampire Enchanter)                  Turns: 9165, Time: 00:29:32

Health: -3/71      AC: 10    Str: 10    XL:     11   Next: 16%
Magic:  15/17      EV: 19    Int: 20    God:    Dithmenos [**....]
Gold:   418        SH:  6    Dex: 23    Spells: 9/18 levels left

rFire    . . .     SeeInvis +   a - +2 dagger (venom)
rCold    . . .     Gourm    .   v - +0 buckler
rNeg     . . .     Faith    .   y - +1 robe of Autumn {Dex+7}
rPois    .         Spirit   .   e - +0 helmet
rElec    .         Reflect  .   q - scarf {repulsion}
rCorr    .         Harm     .   r - +0 pair of gloves
MR       +....                  o - +0 pair of boots
Stlth    +++++++...             p - amulet of rage
HPRegen  0.41/turn              s - +4 ring of protection
MPRegen  0.15/turn              B - +3 ring of intelligence

@: very slightly contaminated, regenerating quickly, wreathed by umbra,
invisible (expiring), repel missiles
A: fangs 3, see invisible, unbreathing
a: Shadow Step, Renounce Religion, Evoke Berserk Rage


You were on level 9 of the Dungeon.
You worshipped Dithmenos.
Dithmenos was pleased with you.
You were very full.

You visited 2 branches of the dungeon, and saw 11 of its levels.

You collected 418 gold pieces.

Inventory:

Hand Weapons
 a - a +2 dagger of venom (weapon)
 b - a +2 vampiric dagger
 w - a +0 blowgun
Missiles
 C - 8 curare-tipped needles
Armour
 e - a +0 helmet (worn)
 o - a +0 pair of boots (worn)
 q - a scarf of repulsion (worn)
 r - a +0 pair of gloves (worn)
 v - a +0 buckler (worn)
 y - the +1 robe of Autumn (worn) {Dex+7}
   (You found it on level 8 of the Dungeon)

   It affects your dexterity (+7).
Jewellery
 p - an amulet of rage (around neck)
 s - a +4 ring of protection (left hand)
 x - an uncursed amulet of magic regeneration
 B - a +3 ring of intelligence (right hand)
 J - an uncursed ring of protection from fire
Scrolls
 f - 3 scrolls of teleportation {unknown}
 h - a scroll of fear {unknown}
 i - 5 scrolls of amnesia
 j - 2 scrolls of blinking {unknown}
 k - 5 scrolls of magic mapping {unknown}
 l - 3 scrolls of enchant armour {unknown}
 n - 6 scrolls of remove curse
 z - 2 scrolls of enchant weapon {unknown}
 F - a scroll of acquirement {unknown}
 H - 2 scrolls of random uselessness {unknown}
Potions
 c - a potion of resistance {unknown}
 d - 2 potions of flight
 g - 4 potions of curing
 m - 2 potions of brilliance
 u - 2 potions of ambrosia
 A - 2 potions of might
 D - 2 potions of heal wounds {unknown}
 G - a potion of mutation {unknown}
Books
 E - a book of Callings

   Spells                             Type                      Level
   a - Summon Small Mammal            Summoning                    1
   b - Call Imp                       Summoning                    2
   c - Call Canine Familiar           Summoning                    3
   d - Summon Guardian Golem          Hexes/Summoning              3
   e - Summon Lightning Spire         Summoning/Air                4
   f - Summon Ice Beast               Ice/Summoning                4
 I - a book of Maledictions

   Spells                             Type                      Level
   a - Corona                         Hexes                        1
   b - Ensorcelled Hibernation        Hexes/Ice                    2
   c - Confuse                        Hexes                        3
   d - Tukima's Dance                 Hexes                        3
   e - Dazzling Spray                 Conjuration/Hexes            3


   Skills:
 - Level 1.5 Fighting
 - Level 6.0 Short Blades
 + Level 7.8 Dodging
 - Level 12.0 Stealth
 - Level 4.0 Shields
 - Level 4.0 Spellcasting
 - Level 10.0 Hexes
 - Level 9.0 Ice Magic
 - Level 3.0 Invocations


You had 9 spell levels left.
You knew the following spells:

 Your Spells              Type           Power        Failure   Level  Hunger
c - Confuse               Hex            #####...     1%          3    ###....
n - Corona                Hex            #####..      1%          1    None
t - Tukima's Dance        Hex            #####...     1%          3    ###....
z - Ensorcelled Hibernat  Hex/Ice        #####.       1%          2    #......


Dungeon Overview and Level Annotations

Branches:
Dungeon (10/15)            Temple (1/1) D:6
   Lair: D:8-11         Orc: D:9-12

Altars:
Ashenzari
Cheibriados
Dithmenos
Elyvilon
Fedhas
Gozag
Hepliaklqana
Kikubaaqudgha
Makhleb
Nemelex Xobeh
Okawaru
Qazlal
Ru
Sif Muna
Trog
Uskayaw
Vehumet
Wu Jian
Xom
Yredelemnul
Zin
The Shining One

Shops:
D:8 }

Annotations:
D:9 Snorg
D:10 salinator123's ghost, novice DrBe


Innate Abilities, Weirdness & Mutations

Your natural rate of healing is unusually fast.
You have razor-sharp teeth.
You have supernaturally acute eyesight. (SInv)
You can survive without breathing.


Message History

Unknown command.
Snorg closely misses you. Snorg claws you but does no damage.
Snorg barely misses you.
You catch the helpless Snorg completely off-guard!
You perforate Snorg like a sieve!!!
Snorg looks as sick as possible!
Your bite misses Snorg.
Snorg is moderately wounded.
Snorg closely misses you. x2; Snorg claws you.
You hit Snorg.
Snorg looks as sick as possible!
You bite Snorg.
Snorg is heavily wounded.
Snorg rages.
Snorg rages.
You hit Snorg.
Snorg is heavily wounded.
You flicker for a moment.
Snorg bites you!!
* * * LOW HITPOINT WARNING * * *
Snorg closely misses you. Snorg completely misses you. Snorg bites you!
You die...

################################
#....##....##............##....#
#....##<...##............##....#
#....##....##....T.>.....##....#
#....##....##...@........##....#
#....##....##............##....#
#....##....##......).....##....##
...........##.<...)).............
.................................
.................................
###...............###....########
#....########...# #....# # #....#
#...# #....# #


You could see Snorg (berserk).

Vanquished Creatures
  A hydra (D:8)
  3 two-headed ogres
  The ghost of Verendum the Basher, a novice GrMo (D:6)
  An ugly thing (D:7)
  Joseph (D:9)
  The ghost of fly the Cutter, a novice SpAs of Gozag (D:5)
  2 dream sheep (D:8)
  A hippogriff (D:9)
  A wyvern (D:9)
  11 yaks
  Eustachio (D:6)
  A water moccasin (D:9)
  A black bear (D:9)
  An orc warrior (D:5)
  2 sky beasts
  A phantom (D:6)
  An eye of draining (D:9)
  An ogre (D:7)
  3 centaurs
  4 big kobolds
  Blork the orc (D:4)
  2 bullfrogs
  2 scorpions
  The ghost of Iko the Stinger, a weakling TrVM (D:3)
  3 howler monkeys (D:9)
  4 crimson imps
  A centaur zombie (D:5)
  3 hounds
  3 jellies
  5 orc wizards
  2 orc priests
  An iguana (D:6)
  5 worker ants
  2 hound skeletons (D:5)
  Robin (D:3)
  6 gnolls (D:7)
  13 adders
  3 shadow imps
  4 oozes
  An adder zombie (D:9)
  2 adder skeletons
  3 worms
  6 leopard geckos
  33 orcs
  4 ball pythons
  8 bats
  6 giant cockroaches
  10 goblins
  11 hobgoblins
  9 jackals
  4 quokkas
  A frilled lizard (D:2)
  A jackal zombie (D:5)
  9 kobolds
  2 leopard gecko skeletons
  15 rats
226 creatures vanquished.

Vanquished Creatures (collateral kills)
  A yak (D:9)
  An ogre (D:9)
2 creatures vanquished.

Vanquished Creatures (others)
  A dancing weapon (D:9)
1 creature vanquished.

Grand Total: 229 creatures vanquished

Notes
Turn   | Place    | Note
-------+----------+-------------------------------------------
     0 | D:1      | fly the Vampire Enchanter began the quest for the Orb.
     0 | D:1      | Reached XP level 1. HP: 13/13 MP: 3/3
   158 | D:1      | Reached XP level 2. HP: 19/19 MP: 5/5
   326 | D:1      | Learned a level 2 spell: Ensorcelled Hibernation
   356 | D:1      | Reached skill level 5 in Stealth
   543 | D:1      | Reached XP level 3. HP: 14/24 MP: 2/6
   580 | D:1      | Learned a level 3 spell: Confuse
  1390 | D:2      | Reached XP level 4. HP: 23/30 MP: 0/7
  2255 | D:3      | Reached skill level 6 in Stealth
  2369 | D:3      | Noticed Robin
  2371 | D:3      | Noticed Iko's ghost (weakling TrVM)
  2397 | D:3      | Killed Robin
  2397 | D:3      | Reached skill level 1 in Shields
  2398 | D:3      | Reached XP level 5. HP: 31/35 MP: 0/8
  2455 | D:3      | Killed Iko's ghost
  3407 | D:3      | Reached XP level 6. HP: 41/41 MP: 1/9
  3461 | D:4      | Reached skill level 5 in Hexes
  3625 | D:4      | Noticed Blork the orc
  3636 | D:4      | Killed Blork the orc
  3841 | D:4      | Got a translucent rapier
  4047 | D:4      | Found a basalt altar of Yredelemnul.
  4061 | D:4      | Found an opulent altar of Gozag.
  4193 | D:4      | Found a radiant altar of Vehumet.
  4195 | D:4      | Found a glowing silver altar of Zin.
  4299 | D:5      | Entered Level 5 of the Dungeon
  4359 | D:5      | Reached XP level 7. HP: 46/46 MP: 8/11
  4364 | D:5      | Learned a level 3 spell: Tukima's Dance
  4447 | D:5      | Noticed fly's ghost (novice SpAs)
  4540 | D:5      | Killed fly's ghost
  4540 | D:5      | Reached skill level 9 in Stealth
  4792 | D:5      | Reached XP level 8. HP: 52/52 MP: 12/12
  5012 | D:5      | Found a shadowy altar of Dithmenos.
  5354 | D:6      | Reached skill level 5 in Dodging
  5428 | D:6      | Noticed Verendum's ghost (novice GrMo)
  5428 | D:6      | Reached skill level 5 in Short Blades
  5489 | D:6      | Noticed Eustachio
  5499 | D:6      | Killed Eustachio
  5779 | D:6      | Killed Verendum's ghost
  5779 | D:6      | Reached XP level 9. HP: 17/57 MP: 13/13
  5824 | D:6      | Found a staircase to the Ecumenical Temple.
  5970 | Temple   | Entered the Ecumenical Temple
  6135 | D:5      | Became a worshipper of Dithmenos the Shadowed
  6556 | D:7      | Noticed a red ugly thing
  6563 | D:7      | Killed a red ugly thing
  6602 | D:7      | Reached skill level 10 in Hexes
  6620 | D:7      | Reached skill level 10 in Stealth
  6697 | D:7      | Found a deep blue altar of Sif Muna.
  6698 | D:7      | Found a bloodstained altar of Trog.
  6838 | D:7      | Reached * piety under Dithmenos
  6943 | D:8      | Found a shattered altar of Ashenzari.
  6943 | D:8      | Noticed a two-headed ogre
  7057 | D:7      | Killed a two-headed ogre
  7057 | D:7      | Reached skill level 12 in Stealth
  7077 | D:8      | Reached skill level 1 in Ice Magic
  7159 | D:8      | Found a stormy altar of Qazlal.
  7188 | D:8      | Found Oxuytaqu's Gadget Emporium.
  7585 | D:8      | Noticed a two-headed ogre
  7601 | D:8      | Killed a two-headed ogre
  7601 | D:8      | Reached XP level 10. HP: 46/63 MP: 4/16
  7715 | D:8      | Got a thick robe
  7727 | D:8      | Identified the +1 robe of Autumn {Dex+7} (You found it on level 8 of the Dungeon)
  7961 | D:8      | Reached skill level 5 in Ice Magic
  8013 | D:8      | Noticed a three-headed hydra
  8210 | D:8      | Killed a three-headed hydra
  8276 | D:9      | Noticed a two-headed ogre
  8288 | D:9      | Killed a two-headed ogre
  8305 | D:9      | Reached ** piety under Dithmenos
  8595 | D:9      | Reached skill level 1 in Invocations
  8962 | D:9      | Reached XP level 11. HP: 66/68 MP: 14/17
  9025 | D:10     | Entered Level 10 of the Dungeon
  9025 | D:10     | Noticed salinator123's ghost (novice DrBe)
  9083 | D:10     | Noticed Snorg
  9111 | D:9      | Noticed Joseph
  9128 | D:9      | Killed Joseph
  9128 | D:9      | Reached skill level 1 in Fighting
  9165 | D:9      | Slain by Snorg

Skill      XL: |  1  2  3  4  5  6  7  8  9 10 11 |
---------------+----------------------------------+-----
Stealth        | 5 6 9 12 | 12.0
Short Blades   | 2 3 4 5 6 |  6.0
Dodging        | 3 4 6 7 |  7.8
Shields        | 1 3 4 |  4.0
Hexes          | 6 8 10 | 10.0
Spellcasting   | 3 4 |  4.0
Ice Magic      | 4 9 |  9.0
Invocations    | 3 |  3.0
Fighting       | 1 |  1.5

Action                   |  1- 3 |  4- 6 |  7- 9 | 10-12 || total
-------------------------+-------+-------+-------+-------++-------
Melee: Dagger            |   101 |   241 |   268 |   105 ||   715
       Bite              |     8 |    20 |    27 |    18 ||    73
       Spear             |       |     2 |       |       ||     2
       Rapier            |       |       |     7 |       ||     7
 Cast: Ensorcelled Hiber |     9 |    46 |    46 |    38 ||   139
       Confuse           |       |     1 |     3 |     9 ||    13
       Corona            |       |       |     1 |       ||     1
       Tukima's Dance    |       |       |     7 |     3 ||    10
 Abil: Evoke Berserk Rag |       |     1 |     2 |     2 ||     5
  Use: Scroll            |       |     5 |     3 |     1 ||     9
       Potion            |       |       |       |     1 ||     1
 Stab: Sleeping          |    15 |    39 |    46 |    27 ||   127
       Confused          |       |       |     3 |     4 ||     7
       Distracted        |       |       |       |     1 ||     1
       Invisible         |       |       |       |     1 ||     1
  Eat: Corpse            |     1 |    14 |    17 |    11 ||    43
Armor: Robe              |    17 |    59 |    67 |    12 ||   155
Dodge: Dodged            |    82 |   137 |   178 |   122 ||   519
       Deflected         |       |       |       |     1 ||     1
Block: Buckler           |       |    21 |    73 |    39 ||   133
